AoeStats
← Sodythaek

Glade

510761415Analyzed
1v1 RM · 22h ago on Oct 2, 2026· 31m 7s· 2 players
Game mode
Random Map
Map size
Tiny (2 player)
Population
200
Speed
Normal
Resources
Standard
Victory
Conquest
Starting age
Dark Age
Ending age
Imperial Age
RankedLock teamsTeams togetherTeam positionsShared explorationLock speedFull tech treeHidden civsTurbo modeCheats
Victory
Defeat
🇫🇷 Franks · France
1301
+16
🇨🇴 Varangians · Colombia
1291
-16
Astaroth
7:39 Loom
9:52 Feudal Age
11:17 Double-Bit Axe
13:13 Horse Collar
18:14 Castle Age
17:08 Scale Mail Armor
18:12 Forging
24:34 Chain Mail Armor
27:01 Iron Casting
28:06 Squires
Sodythaek
10:35 Feudal Age
11:54 Loom
13:55 Double-Bit Axe
16:23 Castle Age
15:12 Gold Mining
16:28 Scale Barding Armor
18:05 Forging
18:48 Bow Saw
24:24 Wheelbarrow
27:17 Chain Barding Armor
28:29 Iron Casting
31:22 Stone Mining
Connection lost

Rejoining the realm…

Still unreachable

The connection could not be restored.

Session expired

The server has moved on; the page needs a fresh start.